 Dungeon Crawl Stone Soup version 0.25-a0-294-gea9b1ad378 (webtiles) character file.

Game seed: 14348310052593304888, levelgen mode: deterministic

45 Lym the Covered (level 3, 0/33 HPs)
             Began as a Deep Dwarf Fighter on Dec 19, 2019.
             Slain by an orc warrior
             ... wielding a +0 glaive
              (7 damage)
             ... on level 2 of the Dungeon.
             The game lasted 00:02:44 (849 turns).

Lym the Covered (Deep Dwarf Fighter)                 Turns: 849, Time: 00:02:44

Health: 0/33       AC: 12    Str: 20    XL:     3   Next: 42%
Magic:  3/3        EV:  3    Int:  8    God:
Gold:   66         SH:  9    Dex: 12    Spells: 2/2 levels left

rFire    . . .     SeeInvis .   a - +0 war axe
rCold    . . .     Gourm    .   c - +0 shield
rNeg     . . .     Faith    .   b - +0 plate armour
rPois    .         Spirit   .   e - +0 helmet
rElec    .         Reflect  .   (no cloak)
rCorr    .         Harm     .   (no gloves)
MR       .....                  (no boots)
Stlth    ..........             (no amulet)
HPRegen  0.00/turn              (no ring)
MPRegen  0.08/turn              (no ring)

@: non-regenerating
A: damage resistance, heal wounds, sense surroundings 1, no regeneration
a: Heal Wounds


You were on level 2 of the Dungeon.
You were not hungry.

You visited 1 branch of the dungeon, and saw 2 of its levels.

You collected 66 gold pieces.

Inventory:

Hand Weapons
 a - a +0 war axe (weapon)
Armour
 b - a +0 plate armour (worn)
 c - a +0 shield (worn)
 e - a +0 helmet (worn)
Scrolls
 h - 5 scrolls of remove curse {unknown}
 j - a scroll of amnesia {unknown}
 n - a scroll of random uselessness {unknown}
Potions
 d - 3 potions of might
 i - a potion of lignification {unknown}
 k - a potion of degeneration {unknown}
 l - a potion of cancellation {unknown}
 m - a potion of curing {unknown}
Comestibles
 f - 6 rations
 g - 6 chunks of flesh


   Skills:
 - Level 2.6 Fighting
 * Level 3.7 Axes
 + Level 3.9 Armour
 - Level 3.2 Shields


You had 2 spell levels left.
You didn't know any spells.
Your spell library was empty.

Dungeon Overview and Level Annotations

Branches:
Dungeon (2/15)

Altars:


Innate Abilities, Weirdness & Mutations

You are resistant to damage.
You can heal yourself by infusing magical energy.
You passively map a small area around you.
You do not regenerate.


Message History

Okay, then.
You hit the orc warrior.
The orc warrior is severely wounded.
The orc warrior hits you with a +0 glaive!
* * * LOW HITPOINT WARNING * * *
You fail to use your ability.
The orc warrior hits you but does no damage.
You feel much better. You block the orc warrior's attack.
You barely miss the orc warrior.
The orc warrior is severely wounded.
You block the orc warrior's attack.
You completely miss the orc warrior.
The orc warrior is severely wounded.
The orc warrior hits you with a +0 glaive!!
Ouch! That really hurt!
* * * LOW HITPOINT WARNING * * *
You closely miss the orc warrior.
The orc warrior is severely wounded.
The orc warrior hits you with a +0 glaive!
You die...

### ### #.# #.## ,
#.####### #.. #.......# #.#
#
#.#.#####.#########.#.#####
..#.### #.......@ooh.......
, ###.#.#
#.#########.h######
....#.###### ....#,,
.###........ ,....... * .#
#..#.#.## , *.#..h...#
.###..#.#.### ,#.#........
.>.......... ,# ###...#...
...#....#.##* .# , ....<..
#..#.......###.#, *


You could see an orc warrior, an orc and 2 jackals.

Vanquished Creatures
  An ooze (D:2)
  An orc (D:2)
  6 bats
  2 giant cockroaches
  2 goblins
  7 hobgoblins
  2 jackals (D:2)
  2 quokkas (D:2)
  A ball python (D:2)
  3 frilled lizards (D:1)
  7 kobolds (D:1)
  3 rats
37 creatures vanquished.

Notes
Turn   | Place    | Note
-------+----------+-------------------------------------------
     0 | D:1      | Lym the Deep Dwarf Fighter began the quest for the Orb.
     0 | D:1      | Reached XP level 1. HP: 20/20 MP: 1/1
   100 | D:1      | Reached XP level 2. HP: 27/27 MP: 2/2
   727 | D:2      | Reached XP level 3. HP: 30/33 MP: 3/3
   817 | D:2      | Noticed an orc warrior
   849 | D:2      | Slain by an orc warrior

Levels and vault maps discovered:
D:1:      minmay_arrival_radiant_lines, layout_loops_cross, minmay_distorted
D:2:      layout_basic, corexii_item_surrounded_by_moat

Skill      XL: |  1  2 |
---------------+-------+-----
Axes           | 3 |  3.7
Fighting       | |  2.6
Armour         | |  3.9
Shields        | |  3.2

Action                   || total
-------------------------++-------
Melee: War axe           ||   123
 Abil: Heal Wounds       ||     2
Armor: Scale mail        ||    12
       Plate armour      ||    63
Dodge: Dodged            ||    27
Block: Shield            ||    78

Table legend:
 A = Non-vault XP
 B = Vault XP
 C = Vault XP percentage of total XP
 D = Non-vault monster count
 E = Vault monster count
 F = Vault count percentage of total count
                 A         B        C        D         E       F
            +---------+---------+-------+---------+---------+-------
      Total |      63 |       2 |   3.1 |      36 |       1 |   2.7
            +---------+---------+-------+---------+---------+-------
        D:1 |      33 |       2 |   5.7 |      23 |       1 |   4.2
        D:2 |      30 |       0 |   0.0 |      13 |       0 |   0.0
            +---------+---------+-------+---------+---------+-------
